 Dungeon Crawl Stone Soup version 0.23-b1-67-g8bd44de8e4 (webtiles) character file.

Game seed: 13462396777759370687

65 Chiseanne the Magician (level 3, -1/24 HPs)
             Began as a Demonspawn Wizard on Feb 6, 2019.
             Slain by a worm (8 damage)
             ... on level 2 of the Dungeon.
             The game lasted 00:05:34 (3379 turns).

Chiseanne the Magician (Demonspawn Wizard)          Turns: 3379, Time: 00:05:34

Health: -1/24      AC:  2    Str:  7    XL:     3   Next: 92%
Magic:  1/8        EV: 12    Int: 20    God:
Gold:   118        SH:  0    Dex: 11    Spells: 8/9 levels left

rFire    . . .     SeeInvis .   g - +0 mace
rCold    . . .     Gourm    .   (no shield)
rNeg     . . .     Faith    .   a - +0 robe
rPois    .         Spirit   .   b - +0 hat
rElec    .         Reflect  .   (no cloak)
rCorr    .         Harm     .   (no gloves)
MR       .....                  (no boots)
Stlth    ++........             (no amulet)
HPRegen  0.08/turn              (no ring)
MPRegen  0.11/turn              (no ring)

@: no status effects
A: horns 1
a: no special abilities


You were on level 2 of the Dungeon.
You were not hungry.

You visited 1 branch of the dungeon, and saw 2 of its levels.

You collected 118 gold pieces.

Inventory:

Hand Weapons
 g - a +0 mace (weapon)
Missiles
 h - 65 stones (quivered)
 i - 48 arrows
 o - 18 sling bullets
Armour
 a - a +0 robe (worn)
 b - a +0 hat (worn)
 r - a cursed +0 ring mail
Wands
 p - a wand of iceblast (7)
Scrolls
 c - a scroll of enchant armour {unknown}
 e - a scroll of identify {unknown}
 f - 2 scrolls of teleportation {unknown}
 k - a scroll of amnesia {unknown}
 l - a scroll of fog {unknown}
 n - 2 scrolls of magic mapping {unknown}
 s - a scroll of fear {unknown}
Potions
 j - a potion of lignification {unknown}
 m - 3 potions of mutation {unknown}
Comestibles
 d - 4 rations
 q - a chunk of flesh


   Skills:
 - Level 0.3 Maces & Flails
 + Level 2.0 Dodging
 - Level 1.7 Stealth
 * Level 3.9 Spellcasting
 * Level 2.3 Conjurations
   Level 1.0 Summonings
   Level 0.8 Translocations


You had 8 spell levels left.
You knew the following spells:

 Your Spells              Type           Power        Failure   Level  Hunger
a - Magic Dart            Conj           ##..         4%          1    None

Your spell library contained the following spells:

 Spells                   Type           Power        Failure   Level  Hunger
 Call Imp                 Summ           #.......     13%         2    ##.....
 Blink                    Tloc           N/A          14%         2    ##.....
 Slow                     Hex            #.......     21%         2    ##.....
 Conjure Flame            Conj/Fire      #.......     24%         3    ###....
 Mephitic Cloud           Conj/Pois/Air  #.......     28%         3    ###....


Dungeon Overview and Level Annotations

Branches:
Dungeon (2/15)

Altars:


Innate Abilities, Weirdness & Mutations

You have a pair of small horns on your head.


Message History

The worm is heavily wounded.
The worm bites you!
Casting: Magic Dart (safe; 4% risk of failure)
Confirm with . or Enter, or press ? or * to list all spells.
Aiming: Magic Dart (safe; 4% risk of failure)
Press: ? - help, Shift-Dir - straight line, f/p - worm
Aim: a worm (moderately wounded)
The magic dart hits the worm.
The worm is heavily wounded.
The worm bites you!
* * * LOW HITPOINT WARNING * * *
Casting: Magic Dart (safe; 4% risk of failure)
Confirm with . or Enter, or press ? or * to list all spells.
You don't have enough magic to cast that spell.
You hit the worm.
The worm is heavily wounded.
You hit the worm.
The worm is severely wounded.
The worm bites you!
You die...

#.........# #.#
################.#
.........##.# ####
..######.##.######...
...######...........## .
...............###..#
.....######..#.#.###..##
.....######.............
.......@.........###..#.
##.###w#####....## #..#.
#. #.#.#####..#. #.
#............ #.
###.######### #. #' # #.
. # #. # ##


You could see a worm.

Vanquished Creatures
  2 adders (D:2)
  3 dart slugs (D:1)
  A leopard gecko (D:2)
  A giant cockroach (D:1)
  4 goblins
  4 hobgoblins
  8 jackals
  4 bats
  A frilled lizard (D:1)
  5 kobolds
  4 rats
37 creatures vanquished.

Notes
Turn   | Place    | Note
-------+----------+-------------------------------------------
     0 | D:1      | Chiseanne the Demonspawn Wizard began the quest for the
                  | Orb.
     0 | D:1      | Reached XP level 1. HP: 13/13 MP: 4/4
  1014 | D:1      | Gained mutation: You have a pair of small horns on your
                  | head. [demonic ancestry]
  1014 | D:1      | Reached XP level 2. HP: 19/19 MP: 4/6
  1893 | D:1      | Reached XP level 3. HP: 22/24 MP: 0/8
  3379 | D:2      | Slain by a worm

Skill      XL: |  1  2  3 |
---------------+----------+-----
Dodging        | 2 |  2.0
Conjurations   | 2 |  2.3
Maces & Flails | |  0.3
Stealth        | |  1.7
Spellcasting   | |  3.9
Summonings     | |  1.0
Translocations | |  0.8

Action                   || total
-------------------------++-------
Melee: Unarmed           ||    19
       Club              ||    28
       Mace              ||    34
       Headbutt          ||     5
 Cast: Magic Dart        ||   120
  Eat: Chunk             ||     8
Armor: Robe              ||    23
Dodge: Dodged            ||    85
